[Event "10th LBHM Open 2024"]
[Site "Pune"]
[Date "2024.05.22"]
[Round "9.9"]
[White "Bhosale Shriraj"]
[Black "Kolla Bhaavan"]
[Result "1-0"]
[ECO "A11"]
[WhiteElo "2036"]
[BlackElo "1833"]
[Annotator "RC"]
[PlyCount "117"]
[EventDate "2024.05.21"]
[EventType "swiss"]
[EventCountry "IND"]
[SourceTitle "playchess.com"]
[Source "ChessBase"]
[SourceQuality "1"]
[TimeControl "5400+30"]

1. Nf3 Nf6 2. g3 d5 3. Bg2 c6 4. O-O Bg4 5. d3 Nbd7 6. c4 dxc4 7. dxc4 e5 8. Nc3 Qc7 9. h3 Bh5 10. Nh4 Rd8 11. Qc2 Nc5 12. b3 Ne6 13. e3 Bg6 14. Nxg6 hxg6 15. Bb2 Qc8 16. Ne4 Be7 17. Rfd1 Rxd1+ 18. Rxd1 Nxe4 19. Qxe4 Ng5 20. Qxe5 f6 21. Qd4 Nxh3+ 22. Kf1 Qf5 23. e4 Qg4 24. e5 Qf5 25. Be4 fxe5 26. Bxf5 exd4 27. Bxg6+ Kf8 28. Bxd4 Ng5 29. Kg2 Rh6 30. Bc2 c5 31. Be3 Ra6 32. a4 Ke8 33. Bf5 Ne6 34. Bxe6 Rxe6 35. Rd3 Rb6 36. g4 Rg6 37. Kg3 b6 38. Bf4 a6 39. Be5 Kf7 40. f4 b5 41. a5 bxc4 42. bxc4 Rh6 43. Rd7 Rh1 44. Ra7 Rd1 45. g5 Ke6 46. Bxg7 Bd6 47. Rxa6 Kf5 48. Be5 Bxe5 49. fxe5 Kxe5 50. Kg4 Rd4+ 51. Kh5 Rxc4 52. g6 Kf5 53. Kh6 Rc1 54. Kh7 Rh1+ 55. Kg8 Rh6 56. Kf7 c4 57. Rc6 c3 58. Rc5+ Ke4 59. Rxc3 1-0

[Event "10th LBHM Open 2024"]
[Site "Pune"]
[Date "2024.05.22"]
[Round "9.10"]
[White "Avirat Chauhan"]
[Black "Arpith S Bijoy"]
[Result "1-0"]
[ECO "B16"]
[WhiteElo "1760"]
[BlackElo "2011"]
[Annotator "RC"]
[PlyCount "123"]
[EventDate "2024.05.21"]
[EventType "swiss"]
[EventCountry "IND"]
[SourceTitle "playchess.com"]
[Source "ChessBase"]
[SourceQuality "1"]
[TimeControl "5400+30"]

1. e4 c6 2. d4 d5 3. Nc3 dxe4 4. Nxe4 Nf6 5. Nxf6+ gxf6 6. c3 Bf5 7. Ne2 e5 8. Ng3 Be6 9. Bd3 Nd7 10. O-O Qc7 11. f4 Nb6 12. fxe5 fxe5 13. Bg5 Be7 14. Bxe7 Qxe7 15. Nf5 Qf8 16. Qe1 O-O-O 17. Qe2 e4 18. Qxe4 Rg8 19. Qe5 Rd7 20. Rae1 Rd5 21. Ng3 Qg7 22. Qf6 Ra5 23. Qxg7 Rxg7 24. Nf5 Bxf5 25. Bxf5+ Kd8 26. a3 Nc4 27. Re2 Nd6 28. Bd3 Rag5 29. g3 Rxg3+ 30. hxg3 Rxg3+ 31. Kf2 Rxd3 32. Rh1 Kc7 33. Rxh7 Kb6 34. Rh6 Kc7 35. Rf6 Kd7 36. Ke1 Rh3 37. Kd1 a5 38. a4 Rh1+ 39. Kc2 Rh5 40. Kb3 Rh3 41. Ref2 Rh7 42. Re2 Rh3 43. Kc2 Rh4 44. b3 b6 45. Rf3 f5 46. Kd3 c5 47. d5 Rh5 48. c4 Rh4 49. Re6 Re4 50. Re3 Rd4+ 51. Kc2 f4 52. Rh3 Nf5 53. Rh7+ Kd8 54. Rg6 Ne3+ 55. Kb2 Rd2+ 56. Kc3 Rg2 57. Rxg2 Nxg2 58. Rh3 Ke7 59. Kd3 f3 60. Rxf3 Ne1+ 61. Ke4 Nxf3 62. Kxf3 1-0